 Seeded DCSS version 0.28-a0-1567-g1695149f81 (webtiles) character file.

Game seed: 1043346750170890331 (custom seed)

462 riojii the Sneak (level 6, -20/32 HPs)
             Began as a Vampire Enchanter on Jan 19, 2022.
             Demolished by a two-headed ogre (26 damage)
             ... on level 4 of the Dungeon.
             The game lasted 00:07:56 (3522 turns).

riojii the Sneak (Vampire Enchanter)                Turns: 3522, Time: 00:07:57

Health: -20/32     AC:  4    Str:  7    XL:     6   Next: 79%
Magic:  6/10       EV: 13    Int: 17    God:
Gold:   162        SH:  0    Dex: 17    Spells: 6/11 levels left

rFire   . . .      SeeInvis +   f - +11 dagger of Saock {vamp, rC+}
rCold   + + +      Faith    .   (no shield)
rNeg    + + +      Spirit   .   k - +0 leather armour
rPois   ∞          Reflect  .   (no helmet)
rElec   .          Harm     .   l - +0 cloak
rCorr   .          Rampage  .   (no gloves)
Will    .....                   (no boots)
Stlth   ++++++....              (no amulet)
HPRegen 0.00/turn               (no ring)
MPRegen 0.12/turn               (no ring)

@: bloodless, inhibited regen
A: bloodless, fangs 3, see invisible, vampiric 2
a: Bat Form, Revivify


You were on level 4 of the Dungeon.
You visited 1 branch of the dungeon, and saw 4 of its levels.

You collected 162 gold pieces.

Inventory:

Hand Weapons
 f - the +11 dagger of Saock (weapon) {vamp, rC+}
   (You found it on level 2 of the Dungeon)

   It occasionally heals its wielder for a portion of the damage dealt when it
   wounds a living foe.
   rC:        It protects you from cold.
Missiles
 h - 2 poisoned darts
Armour
 j - +0 fire dragon scales
 k - a +0 leather armour (worn)
 l - a +0 cloak (worn)
Scrolls
 a - a scroll of fog {unknown}
 d - a scroll of teleportation {unknown}
 e - a scroll of identify
 i - a scroll of enchant weapon {unknown}
 m - a scroll of amnesia {unknown}
 o - a scroll of magic mapping {unknown}
 p - a scroll of summoning {unknown}
 r - a scroll of vulnerability {unknown}
Potions
 b - a potion of resistance
 c - 2 potions of invisibility
 g - 2 potions of attraction
 n - a potion of mutation
 q - a potion of heal wounds {unknown}


   Skills:
 + Level 2.8 Short Blades
 + Level 3.8 Dodging
 * Level 7.4 Stealth
 + Level 3.0 Spellcasting
 * Level 7.0 Hexes


You had 6 spell levels left.
You knew the following spells:

 Your Spells              Type           Power      Damage    Failure   Level
a - Ensorcelled Hibernat  Hex/Ice        28%        N/A       10%         2
b - Confusing Touch       Hex            26%        N/A       4%          3

Your spell library contained the following spells:

 Spells                   Type           Power      Damage    Failure   Level
 Tukima's Dance           Hex            26%        N/A       4%          3
 Dazzling Flash           Conj/Hex       28%        N/A       19%         3
 Animate Skeleton         Necr           4%         N/A       26%         1
 Pain                     Necr           8%         1d4       26%         1
 Sting                    Tmut/Pois      8%         1d3       26%         1
 Poisonous Vapours        Pois/Air       4%         N/A       36%         2
 Vampiric Draining        Necr           2%         2d6       61%         3
 Olgreb's Toxic Radiance  Pois           2%         N/A       95%         4


Dungeon Overview and Level Annotations

Branches:
Dungeon (4/15)
 Temple: D:4-7

Altars:

Shops:
D:2 !


Innate Abilities, Weirdness & Mutations

You do not regenerate when monsters are visible.
You are frail without blood (-20% HP).
You can heal yourself when you bite living creatures.
You are immune to poison.
You have razor-sharp teeth.
You have supernaturally acute eyesight. (SInv)
You are afflicted with vampirism and can become a bat while bloodless.


Message History

You bite the centaur, and draw its blood!
You skewer the centaur like a kebab!!!
You kill the centaur!
Your Spellcasting skill increases to level 3!
Your Hexes skill increases to level 7!
The helpless goblin fails to defend itself.
You bite the goblin, and draw its blood!
You spit the goblin like a pig!!!
You kill the goblin!
Things that are here:
a +0 shortbow; 14 arrows You see here a +0 dagger.
Okay, then.
There is a stone staircase leading down here.
You now have 162 gold pieces (gained 6).
A two-headed ogre comes into view.
It is wielding a +0 giant club and a +0 giant spiked club.
Found a halberd.
The two-headed ogre shouts in stereo!
You hear an angry hiss.
You hit the two-headed ogre.
The two-headed ogre is lightly wounded.
Casting: Ensorcelled Hibernation (safe; 10% risk of failure)
Confirm with . or Enter, or press ? or * to list all spells.
Aiming: Ensorcelled Hibernation (safe; 10% risk of failure)
Press: ? - help, Shift-Dir - straight line, f - two-headed ogre
Aim: a two-headed ogre, wielding a +0 giant club and a +0 giant spiked club (lightly wounded, chance to affect: 30%)
The two-headed ogre easily resists.
The two-headed ogre hits you with a +0 giant club!
Ouch! That really hurt!
The two-headed ogre hits you with a +0 giant spiked club!
* * * LOW HITPOINT WARNING * * *
A steam dragon comes into view.
Casting: Ensorcelled Hibernation (safe; 10% risk of failure)
Confirm with . or Enter, or press ? or * to list all spells.
Aiming: Ensorcelled Hibernation (safe; 10% risk of failure)
Press: ? - help, Shift-Dir - straight line, f/p - two-headed ogre
Aim: a two-headed ogre, wielding a +0 giant club and a +0 giant spiked club (lightly wounded, chance to affect: 30%)
The two-headed ogre easily resists.
The two-headed ogre hits you with a +0 giant club!!
Ouch! That really hurt!
You die...

# #.....# #.# #. ##.
##....# #.# #. #.. #...(##
#.# #. #.### #.....# #.# #.
#.#.## #...#.# #.# ##
#..#.## #..##.# #.# #.###.#
#..##.###.####
#..#.####.#..##..##.[...
#.###.#@OD#.. ##.##.....
#..#.#.#)##. #.##.....
#.######## #.##.####
#######.##############.##.#
+...................##.##.#
###################.#...#.#
#.#...#.# #.#...#.#
#.#...#.#


You could see a two-headed ogre and a steam dragon.

Vanquished Creatures
  Eustachio (D:4)
  A centaur (D:4)
  A scorpion (D:4)
  4 gnolls (D:2)
  3 adders
  3 worms (D:2)
  4 dart slugs
  4 orcs (D:3)
  8 ball pythons
  4 bats
  12 endoplasms
  4 giant cockroaches
  9 goblins
  11 hobgoblins
  3 quokkas
  4 frilled lizards
  5 kobolds
  8 rats
89 creatures vanquished.

Notes
Turn   | Place    | Note
-------+----------+-------------------------------------------
     0 | D:1      | riojii the Vampire Enchanter began the quest for the Orb.
     0 | D:1      | Reached XP level 1. HP: 13/13 MP: 3/3
   118 | D:1      | Reached XP level 2. HP: 9/19 MP: 5/5
   695 | D:1      | Reached skill level 5 in Stealth
   704 | D:1      | Reached skill level 5 in Hexes
  1004 | D:1      | Gained mutation: You are afflicted with vampirism and can
                  | become a bat while bloodless. [Vampire growth]
  1004 | D:1      | Reached XP level 3. HP: 19/19 MP: 6/6
  1007 | D:1      | Learned a level 2 spell: Ensorcelled Hibernation
  1119 | D:1      | Found a faded altar of an unknown god.
  1237 | D:1      | Learned a level 3 spell: Confusing Touch
  1466 | D:2      | Identified the +11 dagger of Saock {vamp, rC+}
  1627 | D:2      | Found Deruim's Distillery.
  1792 | D:2      | Reached XP level 4. HP: 9/24 MP: 4/7
  2084 | D:2      | Reached XP level 5. HP: 28/28 MP: 8/8
  3334 | D:4      | Noticed Eustachio
  3339 | D:4      | Killed Eustachio
  3340 | D:4      | Reached XP level 6. HP: 31/32 MP: 10/10
  3518 | D:4      | Noticed a two-headed ogre
  3521 | D:4      | Noticed a steam dragon
  3522 | D:4      | Demolished by a two-headed ogre

Illustrated notes

Levels and vault maps discovered:
D:1:      ncdulo_watergridlock, layout_basic,
          hellmonk_ecumenical_altar_prayer_group
D:2:      minmay_diamond_boxcup, layout_basic, serial_shops,
          nicolae_shop_temple_entry_statues_fountains, minmay_joined_circles
D:3:      layout_basic
D:4:      layout_basic, overflow_temple_1_default, minmay_small_thing,
          uniq_eustachio

Skill      XL: |  1  2  3  4  5  6 |
---------------+-------------------+-----
Stealth        | 5 7 |  7.4
Hexes          | 5 6 7 |  7.0
Dodging        | 3 |  3.8
Short Blades   | 2 |  2.8
Spellcasting   | 3 |  3.0

Action                   |  1- 3 |  4- 6 || total
-------------------------+-------+-------++-------
Melee: Dagger            |   112 |    66 ||   178
       Bite              |     9 |     4 ||    13
       Punch             |     2 |     1 ||     3
 Cast: Ensorcelled Hiber |     2 |     3 ||     5
 Abil: Exsanguinate      |     1 |       ||     1
  Use: Scroll            |       |     3 ||     3
 Stab: Sleeping          |    17 |    23 ||    40
       Distracted        |       |     1 ||     1
Armor: Robe              |    17 |     2 ||    19
       Leather armour    |       |     1 ||     1
Dodge: Dodged            |    54 |    22 ||    76

Table legend: (Time is in decaauts)
 A = Elapsed time spent in this place.
 B = Non-inter-level travel time spent in this place.
 C = Inter-level travel time spent in this place.
 D = Time resting spent in this place.
 E = Time spent auto-exploring this place.
 F = Levels seen in this place.
 G = Mean time per level.
                   A        B        C        D        E       F      G
               +--------+--------+--------+--------+--------+-----+--------+
         Total |   3508 |   3456 |     52 |    228 |   2471 |   4 |  877.0 |
       Dungeon |   3508 |   3456 |     52 |    228 |   2471 |   4 |  877.0 |
               +--------+--------+--------+--------+--------+-----+--------+

Top non-repeatable levels by time:
     D:1: 1251 daAuts
     D:2: 1240 daAuts
     D:3: 809 daAuts
     D:4: 206 daAuts
